 Dungeon Sprint DCSS version 0.30.1-4-g462c640d31 (webtiles) character file.

Game seed: 1706465457701981629

9429 Heoruswealwe the Evocator (level 11, -11/48 HPs)
             Began as a Spriggan Artificer on Aug 28, 2023.
             Was a High Priest of Sif Muna.
             Killed by divine providence
             ... invoked by a meliai
              (14 damage)
             ... in the Dungeon (Sprint I: "Red Sonja").
             The game lasted 00:25:36 (1577 turns).

Heoruswealwe the Evocator (Spriggan Artificer)      Turns: 1577, Time: 00:25:37

Health: -11/48     AC:  2    Str:  8    XL:     11   Next: 22%
Magic:  12/12      EV: 29    Int: 17    God:    Sif Muna [*****.]
Gold:   111        SH:  0    Dex: 16    Spells: 10/10 levels left

rFire   . . .        a - +0 dagger
rCold   . . .        (no shield)
rNeg    . . .        c - +0 robe
rPois   .            (helmet restricted)
rElec   .            (no cloak)
rCorr   .            (gloves unavailable)
SInv    +            (boots unavailable)
Will    +....        (no amulet)
Stlth   ++++++++     k - ring of wizardry
HPRegen 0.28/turn    (no ring)
MPRegen 0.13/turn

%: no teleportation, wizardry (x1)
@: very quick
A: very small, no large weapons, unfitting armour, see invisible, speed 3
a: Renounce Religion, Channel Magic, Forget Spell, Divine Exegesis


You were in the Dungeon.
You worshipped Sif Muna.
Sif Muna was extremely pleased with you.
You visited 1 branch You collected 1331 gold pieces.
You spent 1185 gold pieces at shops.
You donated 35 gold pieces to Zin.

Inventory:

Hand Weapons
 a - a +0 dagger (weapon)
Armour
 c - a +0 robe (worn)
Jewellery
 k - a ring of wizardry (left hand)
Wands
 d - a wand of charming (1)
 l - a wand of digging (4)
Scrolls
 b - 2 scrolls of poison
 n - a scroll of enchant armour
 o - a scroll of blinking
Potions
 f - 2 potions of curing
 g - 2 potions of brilliance {unknown}
 h - a potion of haste
 i - 2 potions of magic
 j - a potion of berserk rage
 r - a potion of ambrosia
Miscellaneous
 p - a phantom mirror


   Skills:
 - Level 0.7 Fighting
 + Level 18.1 Dodging
 + Level 20.9 Stealth
 * Level 24.5 Evocations


You had 10 spell levels left.
You didn't know any spells.
Your spell library contained the following spells:

 Spells                   Type           Power      Damage    Failure   Level
 Sandblast                Erth           0%         2d4       10%         1
 Passwall                 Tmut/Erth      0%         N/A       14%         2
 Summon Guardian Golem    Hex/Summ       0%         N/A       26%         3
 Fulminant Prism          Conj/Hex       0%         3d5       65%         4
 Iron Shot                Conj/Erth      0%         9d1       100%        6


Dungeon Overview and Level Annotations

Branches:
Dungeon (1/1)

Altars:
Cheibriados
Dithmenos
Elyvilon
Fedhas
Gozag
Hepliaklqana
Kikubaaqudgha
Makhleb
Nemelex Xobeh
Okawaru
Qazlal
Ru
Sif Muna
Trog
Uskayaw
Vehumet
Wu Jian
Xom
Yredelemnul
Zin
The Shining One
Jiyva
Lugonu

Shops:
D ?:?[=(!=*:*(!=(*=:[[=


Innate Abilities, Weirdness & Mutations

You are very small and have problems with some larger weapons.
You are too small for most types of armour.
You have supernaturally acute eyesight. (SInv)
You cover ground extremely quickly. (Speed+++)


Message History

You feel better. The demonic crawler barely misses you.
The demonic crawler hits you. The demonic crawler hits you!
Your gargoyle hits the demonic crawler with a +0 mace!
The demonic crawler hits you!
The demonic crawler completely misses you.
The demonic crawler hits you!
* * * LOW HITPOINT WARNING * * *
Aiming: Charm
Press: ? - help, Shift-Dir - straight line, f - demonic crawler
Aim: a demonic crawler (noxious fumes, lightly wounded, ally target, chance to affect: 57%)
The demonic crawler is charmed.
You are engulfed in noxious fumes.
You open the door.
A meliai and a lorocyproca come into view.
You are engulfed in noxious fumes.
You choke on the stench!
You are confused.
Found 162 gold pieces.
What are your orders? t - Shout!
Anything else - Cancel.
Okay, then.
Are you sure you want to stumble around while confused and next to your demonic crawler?
Okay, then.
You are engulfed in noxious fumes.
You feel less confused.
The lorocyproca gives a chilling moan.
The meliai buzzes angrily.
What are your orders? t - Shout!
Orders for allies: a - Attack new target. p - Attack previous target. r - Retreat! s - Stop attacking. g - Guard the area. f - Follow me.
Anything else - Cancel.
Gang up on whom?
Press: ? - help, Dir - move target, f - lorocyproca, p - demonic crawler
Aim: a lorocyproca (slightly transparent) Attack!
The lorocyproca is invisible, and your gargoyle can't see it.
The lorocyproca hits your demonic crawler!
You see here a +0 mace.
The meliai invokes the aid of its god against you.
Something smites you!
You die...

#################****************
'..#__#..†).)#.[#,,,,+,,,,,,+,,*,
#..'..'..#...##'#,****,,,,,**,,+,
##'#__####...+..#,*,*##,,,*******
.#.####§§#####..+,*+#$###+*,,,**,
##.#~§§.§#..##'####..$#y#,**,,,*,
#_.+~§))§+.†#.°°..#..$###,,***,*,
.._#~§§§.#..#.°.@9's.$$$#*,*,*,*,
.#'##+#####'###○☼☼#2....#,,***,*,
'#.#....###.+.#○°○#*#++##,**,,,*,
.####'###!###.#.○##*,,***,,*+***,
).'.....')∩##.#○.#***,,***,,,*,~,
..###.#######§##+#,,*,,*,***,*,~,
.###.......##§#*,*,,,,,,,,,*,***,
'#.#......†.+§#***,,,,,,,,,*,*,+,
...#'''######§#,,+,,,,,,****+*^**


You could see a lorocyproca (invisible, ally target), a meliai, a friendly
demonic crawler (charmed) and a friendly gargoyle (summoned, drained).

Vanquished Creatures
  2 centaur warriors (D)
  Sonja (D)
  A deep troll (D)
  8 shining eyes (D)
  An oklob plant (D)
  An unseen horror (D)
  A hornet (D)
  A slime creature (D)
  Sigmund (D)
  A yak (D)
  6 floating eyes (D)
  An ogre (D)
  A necrophage (D)
  A jelly (D)
  Ijyb (D)
28 creatures vanquished.

Vanquished Creatures (collateral kills)
  3 demonic crawlers (D)
  A gargoyle (D)
  2 kobold demonologists (D)
  4 necrophages (D)
  6 jellies (D)
16 creatures vanquished.

Vanquished Creatures (others)
  An unseen horror (D)
  2 redbacks (D)
  2 necrophages (D)
  A jelly (D)
  2 ballistomycete spores (D)
8 creatures vanquished.

Grand Total: 52 creatures vanquished

Notes
Turn   | Place    | Note
-------+----------+-------------------------------------------
     0 | D        | Heoruswealwe the Spriggan Artificer began the quest for the
                  | Orb.
     0 | D        | Reached XP level 1. HP: 9/9 MP: 2/2
     1 | D        | Noticed Ijyb
    16 | D        | Killed Ijyb
    17 | D        | Reached skill level 6 in Evocations
    17 | D        | Reached XP level 2. HP: 4/14 MP: 3/3
    70 | D        | Noticed an ogre
    72 | D        | Killed an ogre
    73 | D        | Reached skill level 9 in Evocations
    73 | D        | Reached XP level 3. HP: 17/17 MP: 4/4
    73 | D        | Reached XP level 4. HP: 21/21 MP: 5/5
    84 | D        | Noticed Sigmund
    85 | D        | Killed Sigmund
    86 | D        | Reached skill level 12 in Evocations
    86 | D        | Reached XP level 5. HP: 25/25 MP: 6/6
   101 | D        | Found an ornate altar of the Wu Jian Council.
   101 | D        | Found a shimmering blue altar of Sif Muna.
   106 | D        | Reached skill level 10 in Stealth
   106 | D        | Reached XP level 6. HP: 29/29 MP: 7/7
   106 | D        | Found a radiant altar of Vehumet.
   135 | D        | Found Hierchuux's Armour Emporium.
   135 | D        | Found an ancient bone altar of Kikubaaqudgha.
   135 | D        | Found a hazy altar of Hepliaklqana.
   135 | D        | Found a stormy altar of Qazlal.
   135 | D        | Found a hide-covered altar of Uskayaw.
   135 | D        | Found a blossoming altar of Fedhas.
   135 | D        | Found a bloodstained altar of Trog.
   135 | D        | Found an iron altar of Okawaru.
   135 | D        | Found a basalt altar of Yredelemnul.
   135 | D        | Found a glowing golden altar of the Shining One.
   135 | D        | Found a snail-covered altar of Cheibriados.
   135 | D        | Found a sacrificial altar of Ru.
   135 | D        | Found a glowing silver altar of Zin.
   135 | D        | Found a shadowy altar of Dithmenos.
   135 | D        | Found a white marble altar of Elyvilon.
   135 | D        | Noticed a yak
   151 | D        | Killed a yak
   152 | D        | Reached skill level 10 in Dodging
   152 | D        | Reached skill level 13 in Evocations
   163 | D        | Found an opulent altar of Gozag.
   164 | D        | Found a sparkling altar of Nemelex Xobeh.
   170 | D        | Became a worshipper of Zin the Law-Giver
   170 | D        | Reached * piety under Zin
   170 | D        | Reached ** piety under Zin
   170 | D        | Reached *** piety under Zin
   170 | D        | Reached **** piety under Zin
   170 | D        | Reached ***** piety under Zin
   170 | D        | Reached ****** piety under Zin
   178 | D        | Noticed Sonja
   180 | D        | Killed Sonja
   181 | D        | Reached skill level 16 in Evocations
   181 | D        | Reached XP level 7. HP: 32/32 MP: 8/8
   266 | D        | Found Faabb's Magic Scroll Boutique.
   274 | D        | Bought 3 scrolls of identify for 60 gold pieces
   303 | D        | Noticed a shining eye
   303 | D        | Noticed a shining eye
   303 | D        | Noticed a shining eye
   318 | D        | Paralysed by a floating eye for 2 turns
   324 | D        | Paralysed by a floating eye for 4 turns
   331 | D        | Reached XP level 8. HP: 37/37 MP: 9/9
   429 | D        | Killed a shining eye
   430 | D        | Reached skill level 17 in Evocations
   533 | D        | Killed a shining eye
   534 | D        | Reached skill level 15 in Stealth
   534 | D        | Reached skill level 18 in Evocations
   536 | D        | Noticed a shining eye
   536 | D        | Noticed a shining eye
   536 | D        | Noticed a shining eye
   541 | D        | Paralysed by a floating eye for 4 turns
   551 | D        | Paralysed by a floating eye for 2 turns
   558 | D        | Reached XP level 9. HP: 40/40 MP: 10/10
   638 | D        | Killed a shining eye
   639 | D        | Reached skill level 19 in Evocations
   686 | D        | Killed a shining eye
   775 | D        | Killed a shining eye
   776 | D        | Reached skill level 20 in Evocations
   779 | D        | Noticed a shining eye
   779 | D        | Noticed a shining eye
   796 | D        | Paralysed by a floating eye for 4 turns
   883 | D        | Killed a shining eye
   884 | D        | Reached skill level 15 in Dodging
   952 | D        | Killed a shining eye
   953 | D        | Reached skill level 21 in Evocations
   953 | D        | Reached XP level 10. HP: 44/44 MP: 11/11
  1019 | D        | Killed a shining eye
  1037 | D        | Fell from the grace of Zin
  1037 | D        | Became a worshipper of Sif Muna the Loreminder
  1064 | D        | Bought a scroll of magic mapping for 75 gold pieces
  1075 | D        | Found Mycvaeru's Book Shoppe.
  1075 | D        | Found Lutef's Jewellery Shop.
  1075 | D        | Found Xoribefi's Magic Scroll Emporium.
  1075 | D        | Found Zotoclisch's Weapon Boutique.
  1109 | D        | Noticed a deep troll
  1111 | D        | Killed a deep troll
  1112 | D        | Reached skill level 22 in Evocations
  1122 | D        | Found Rimpakk's Armour Emporium.
  1157 | D        | Noticed a centaur warrior
  1157 | D        | Noticed a centaur warrior
  1162 | D        | Killed a centaur warrior
  1162 | D        | Killed a centaur warrior
  1162 | D        | Reached * piety under Sif Muna
  1190 | D        | Noticed an oklob plant
  1194 | D        | Killed an oklob plant
  1195 | D        | Reached skill level 23 in Evocations
  1246 | D        | Reached ** piety under Sif Muna
  1257 | D        | Reached *** piety under Sif Muna
  1282 | D        | Reached **** piety under Sif Muna
  1354 | D        | Found Eggis's Jewellery Shoppe.
  1354 | D        | Found Tuwa's Distillery.
  1354 | D        | Found Hiomiaga's Assorted Antiques.
  1360 | D        | Found Coeblin's Book Boutique.
  1360 | D        | Found Coohid's Jewellery Emporium.
  1360 | D        | Found Tonin's Armour Emporium.
  1362 | D        | Found Vyotaz's Jewellery Boutique.
  1362 | D        | Found Bamizove's Assorted Antiques.
  1362 | D        | Found Yricryge's Antique Weapon Shop.
  1362 | D        | Found Bixaon's Jewellery Emporium.
  1362 | D        | Found Jexaq's Distillery.
  1362 | D        | Found Rakhol's Antique Weapon Shoppe.
  1362 | D        | Found Vuojueni's General Store.
  1366 | D        | Found Seosilixt's Book Emporium.
  1368 | D        | Bought a scroll labelled KATOOT TOPNOEG for 23 gold pieces
  1368 | D        | Bought a fizzy inky potion for 20 gold pieces
  1377 | D        | Bought a scroll of identify for 44 gold pieces
  1377 | D        | Bought a fizzy inky potion for 19 gold pieces
  1377 | D        | Bought a scroll labelled OHOCVAGOAN for 22 gold pieces
  1377 | D        | Bought a scroll labelled KATOOT TOPNOEG for 22 gold pieces
  1377 | D        | Bought a phantom mirror for 880 gold pieces
  1411 | D        | Bought a scroll of identify for 20 gold pieces
  1432 | D        | Found a burning altar of Makhleb.
  1432 | D        | Found a viscous altar of Jiyva.
  1432 | D        | Found a shimmering altar of Xom.
  1432 | D        | Found a corrupted altar of Lugonu.
  1439 | D        | Reached ***** piety under Sif Muna
  1439 | D        | Received a gift from Sif Muna
  1440 | D        | Got Ceil's Guide on Unlucky Clay {god gift}
  1465 | D        | Paralysed by a floating eye for 2 turns
  1466 | D        | Noticed a rust devil
  1469 | D        | Noticed a smoke demon
  1471 | D        | Reached XP level 11. HP: 34/48 MP: 12/12
  1471 | D        | Paralysed by a floating eye for 4 turns
  1474 | D        | Noticed a sixfirhy
  1479 | D        | Paralysed by a floating eye for 2 turns
  1483 | D        | Reached skill level 24 in Evocations
  1568 | D        | HP: 1/48 [demonic crawler (17)]
  1570 | D        | Noticed a lorocyproca
  1577 | D        | Killed from afar by a meliai

Illustrated notes

Levels and vault maps discovered:
D:        dungeon_sprint_1 [red_sonja_temple_1, red_sonja_temple_small_1]

Skill      XL: |  1  2  3  4  5  6  7  8  9 10 11 |
---------------+----------------------------------+-----
Dodging        | 4 6 8 9 11 12 13 15 17 18 | 18.1
Stealth        | 4 7 9 10 13 15 17 20 | 20.9
Evocations     | 6 9 12 16 18 21 23 24 | 24.5
Fighting       | |  0.7

Action                     |  1- 3 |  4- 6 |  7- 9 | 10-12 || total
---------------------------+-------+-------+-------+-------++-------
  Melee: Dagger            |       |       |   594 |    97 ||   691
         Punch             |       |       |    28 |     4 ||    32
  Evoke: Wand              |     8 |    10 |       |    24 ||    42
         Phantom mirror    |       |       |       |     4 ||     4
    Use: Scroll            |       |       |     3 |     5 ||     8
         Potion            |       |       |       |     3 ||     3
   Stab: Sleeping          |       |       |       |     2 ||     2
         Distracted        |       |       |       |     1 ||     1
 Armour: Robe              |       |       |       |     3 ||     3
  Dodge: Dodged            |       |     2 |       |    68 ||    70
